 Dungeon Crawl Stone Soup version 0.30.1-11-g7821555f0a (webtiles) character file.

Game seed: 4234545310127615512

16005 octoduck the Nimble (level 12, -25/97 HPs)
             Began as a Gnoll Monk on Dec 18, 2023.
             Was a High Priest of Qazlal.
             Annihilated by a very large slime creature (39 damage)
             ... on level 9 of the Dungeon on Dec 19, 2023.
             The game lasted 00:54:21 (14435 turns).

octoduck the Nimble (Gnoll Monk)                   Turns: 14435, Time: 00:54:22

Health: -25/97     AC: 22    Str: 12    XL:     12   Next: 33%
Magic:  23/23      EV: 14    Int: 12    God:    Qazlal [*****.]
Gold:   210        SH: 21    Dex: 27    Spells: 22/25 levels left

rFire   . . .        a - +9 lance "Wyrmbane" {slay drac, rPois rF+ rC+ AC+3}
rCold   + + +        k - +2 kite shield "Sioreh" {Dex+5}
rNeg    . . .        W - +1 ice dragon scales
rPois   +            B - +1 helmet
rElec   .            J - +0 cloak
rCorr   .            c - +0 pair of gloves
SInv    +            r - +0 pair of boots
Will    .....        (no amulet)
Stlth   +            t - +6 ring of dexterity
HPRegen 0.36/turn    H - ring of see invisible
MPRegen 0.18/turn

%: repel missiles
@: about to teleport
A: fangs 1, strong nose, distributed training
a: Renounce Religion, Upheaval, Elemental Force, Disaster Area


You were on level 9 of the Dungeon.
You worshipped Qazlal.
Qazlal was extremely pleased with you.
You visited 3 branches of the dungeon, and saw 12 of its levels.
You also visited: Sewer, Ossuary and Bailey.

You collected 4418 gold pieces.
You spent 4208 gold pieces at shops.

Inventory:

Hand Weapons
 a - the +9 lance "Wyrmbane" (weapon) {slay drac, rPois rF+ rC+ AC+3}
   (You took it off Maggie on level 7 of the Dungeon)

   AC:        It affects your AC (+3).
   rF:        It protects you from fire.
   rC:        It protects you from cold.
   rPois:     It protects you from poison.
 b - the +1 sling of Uvieh {flame, rC+ Int+3}
   (You bought it in a shop on level 3 of the Dungeon)

   Int:       It affects your intelligence (+3).
   rC:        It protects you from cold.
 y - the +5 short sword of Wicked Integrity {venom, rCorr Str+3 Stlth+}
   (You found it in a sewer)

   Str:       It affects your strength (+3).
   rCorr:     It protects you from acid and corrosion.
   Stlth:     It makes you more stealthy.
 C - a +1 longbow
Missiles
 l - 25 boomerangs (quivered)
 D - 36 poisoned darts
 T - 5 javelins
 U - 8 datura-tipped darts
 V - a curare-tipped dart
Armour
 c - a +0 pair of gloves (worn)
 f - a +1 scale mail of willpower
 k - the +2 kite shield "Sioreh" (worn) {Dex+5}
   (You acquired it on level 3 of the Dungeon)

   Dex:       It affects your dexterity (+5).
 r - a +0 pair of boots (worn)
 B - a +1 helmet (worn)
 J - a +0 cloak (worn)
 W - +1 ice dragon scales (worn)
Jewellery
 m - a ring of fire
 q - a ring of wizardry
 t - a +6 ring of dexterity (left hand)
 H - a ring of see invisible (right hand)
 R - a ring of wizardry
 Z - a +6 ring of intelligence
Wands
 P - a wand of charming (6)
 Q - a wand of flame (29)
Scrolls
 d - a scroll of vulnerability {unknown}
 g - a scroll of torment {unknown}
 p - a scroll of poison {unknown}
 u - 6 scrolls of teleportation
 E - a scroll of fog
 F - a scroll of immolation
 G - 2 scrolls of amnesia {unknown}
 I - a scroll of magic mapping
 K - 5 scrolls of enchant armour
 L - 2 scrolls of enchant weapon
 M - a scroll of fear {unknown}
 O - a scroll of butterflies {unknown}
 X - 2 scrolls of blinking {unknown}
Potions
 e - 3 potions of heal wounds
 h - 2 potions of berserk rage {unknown}
 i - 2 potions of might {unknown}
 j - 9 potions of curing
 n - 3 potions of magic {unknown}
 o - a potion of attraction {unknown}
 s - 2 potions of lignification {unknown}
 v - a potion of invisibility {unknown}
 w - a potion of cancellation {unknown}
 z - 5 potions of flight
 A - 3 potions of degeneration {unknown}
 N - 3 potions of mutation
 S - a potion of brilliance {unknown}
Miscellaneous
 Y - a lightning rod (4/4)


   Skills:
 + Level 10.0 Fighting
 + Level 7.4 Short Blades
 + Level 10.0 Long Blades
 + Level 7.4 Axes
 + Level 7.4 Maces & Flails
 + Level 7.4 Polearms
 + Level 7.4 Staves
 + Level 7.4 Ranged Weapons
 + Level 7.4 Throwing
 + Level 7.4 Armour
 + Level 10.0 Dodging
 + Level 7.4 Stealth
 + Level 7.4 Shields
 + Level 7.4 Unarmed Combat
 + Level 7.4 Spellcasting
 + Level 6.2 Conjurations
 + Level 6.2 Hexes
 + Level 6.2 Summonings
 + Level 6.2 Necromancy
 + Level 6.2 Translocations
 + Level 6.2 Transmutations
 + Level 6.2 Fire Magic
 + Level 6.2 Ice Magic
 + Level 6.2 Air Magic
 + Level 6.2 Earth Magic
 + Level 6.2 Poison Magic
 + Level 8.2 Invocations
 + Level 7.4 Evocations


You had 22 spell levels left.
You knew the following spells:

 Your Spells              Type           Power      Damage    Failure   Level
a - Dazzling Flash        Conj/Hex       38%        N/A       54%         3

Your spell library contained the following spells:

 Spells                   Type           Power      Damage    Failure   Level
 Anguish                  Hex/Necr       9%         N/A       91%         4
 Cause Fear               Hex            9%         N/A       91%         4
 Agony                    Necr           19%        N/A       99%         5
 Silence                  Hex/Air        9%         N/A       99%         5
 Enfeeble                 Hex            9%         N/A       100%        7


Dungeon Overview and Level Annotations

Branches:
Dungeon (10/15)            Temple (1/1) D:4             Orc (1/2) D:9
  Sewer (visited)         Ossuary (visited)          Bailey (visited)
   Lair: D:8-11

Altars:
Ashenzari
Cheibriados
Dithmenos
Elyvilon
Fedhas
Gozag
Hepliaklqana
Kikubaaqudgha
Makhleb
Nemelex Xobeh
Okawaru
Qazlal
Ru
Sif Muna
Trog
Uskayaw
Wu Jian
Xom
Yredelemnul
Zin
The Shining One

Shops:
D:3 ***   D:6 *

Annotations:
D:10 Josephine
Orc:1 Fannar, Maurice


Innate Abilities, Weirdness & Mutations

You have very sharp teeth.
Your uncanny sense of smell can sniff out nearby items.
Your experience applies equally to all skills.


Message History

The very large slime creature is heavily wounded.
The very large slime creature misses you.
You hit the very large slime creature.
You bite the very large slime creature, but do no damage.
The very large slime creature is severely wounded.
You hear a shout!
You barely miss the very large slime creature.
The very large slime creature is severely wounded.
You block the very large slime creature's attack.
You puncture the very large slime creature!
You bite the very large slime creature, but do no damage.
The very large slime creature is severely wounded.
You block the very large slime creature's attack.
You hit the very large slime creature.
The very large slime creature is severely wounded.
The very large slime creature hits you!!
You completely miss the very large slime creature.
You bite the very large slime creature, but do no damage.
The very large slime creature is severely wounded.
The very large slime creature hits you!!!
A deep elf pyromancer comes into view.
It is wielding the +8 scimitar of the Crafting Gods {heavy, Will+ Int+2 Dex-3}.
The very large slime creature attacks as you move away!
The very large slime creature closely misses you.
Things that are here:
a +0 dagger; a +0 robe The very large slime creature attacks as you move away!
The very large slime creature hits you!!
* * * LOW HITPOINT WARNING * * *
You see here a +0 dagger.
The very large slime creature attacks as you move away!
You block the very large slime creature's attack.
Things that are here:
a +0 shortbow; a +2 flail; a +0 robe The very large slime creature attacks as you move away!
The very large slime creature hits you.
* * * LOW HITPOINT WARNING * * *
As you read the scroll of teleportation, it crumbles to dust.
You feel strangely unstable.
The very large slime creature hits you!!!
You die...

)..[.[.).<....(....>#.###...# #..
.....[).....#########..####.#####
.................................
#################################
.###......♣.♣#...#.#...# #..##..#
..##.....♣[..#.#.....#.###..##..#
...#.........#..##e##..#..##..##.
#..#♣...♣.)..##.#J#.#.##..##..##.
#.)..P.♣⌠♣.).[..@#)#.)..##..##..#
#..#♣.♣)♣..[♣##.#)#.#.####..##..#
...#...).....#..##°##..#..##..##.
..##.........#.#.....#.#..##..##.
.###.....♣.♣.#...#.#...###..##..#
######################## ###.####
...#.....)#..#∆ ∆ .#
.#.#.###.###.# .. .[.#[)#...#..#
.#


You could see a very large slime creature and a deep elf pyromancer.

Vanquished Creatures
  5 two-headed ogres (D:9)
  A boulder beetle (D:9)
  A manticore (D:10)
  Maggie (D:7)
  Psyche (D:8)
  A troll (D:9)
  3 slime creatures (D:9)
  2 shadows
  2 wraiths
  13 yaks
  A wyvern (D:7)
  Grum (D:10)
  2 steam dragons
  A vampire mosquito (D:9)
  Edmund (D:5)
  2 water moccasins (D:7)
  12 orc warriors
  5 ice beasts
  A sky beast (D:7)
  2 ogres
  A black bear (D:5)
  3 centaurs (D:9)
  A phantom (D:5)
  4 wolves (D:10)
  3 elf zombies (Ossuary)
  10 kobold brigands
  5 bullfrogs
  2 gnoll sergeants
  16 wights
  5 killer bees (D:9)
  3 centaur zombies (Ossuary)
  4 hounds
  6 jellies
  A gnoll bouda (D:9)
  6 human zombies (Ossuary)
  8 orc priests
  Crazy Yiuf (D:3)
  5 iguanas
  Natasha (thrice) (D:2)
  11 orc wizards
  A sickly merfolk siren (Sewer)
  A malarious merfolk avatar (Sewer)
  3 mummies (Ossuary)
  11 gnolls
  11 adders
  A river rat (Sewer)
  3 shadow imps
  3 white imps
  2 ufetubi
  A worm (D:2)
  A dart slug (D:4)
  39 orcs
  11 ball pythons
  6 bats
  7 endoplasms
  11 giant cockroaches
  9 goblins
  4 hobgoblins
  10 jackals
  27 kobolds
  5 quokkas
  7 frilled lizards
  23 rats
353 creatures vanquished.

Vanquished Creatures (collateral kills)
  Joseph (D:7)
  A gargoyle (D:6)
  A wight (D:7)
3 creatures vanquished.

Grand Total: 356 creatures vanquished

Notes
Turn   | Place    | Note
-------+----------+-------------------------------------------
     0 | D:1      | octoduck the Gnoll Monk began the quest for the Orb.
     0 | D:1      | Reached XP level 1. HP: 23/23 MP: 1/1
   168 | D:1      | Reached XP level 2. HP: 29/29 MP: 2/2
   551 | D:1      | Reached XP level 3. HP: 34/35 MP: 3/3
   722 | D:2      | Found a faded altar of an unknown god.
   723 | D:2      | Noticed Natasha
   907 | D:2      | Noticed a floating eye
   924 | D:2      | Reached skill level 1 in Invocations
   929 | D:2      | Killed Natasha
   930 | D:2      | Reached skill level 1 in Short Blades
   930 | D:2      | Reached skill level 1 in Axes
   930 | D:2      | Reached skill level 1 in Maces & Flails
   930 | D:2      | Reached skill level 1 in Polearms
   930 | D:2      | Reached skill level 1 in Staves
   930 | D:2      | Reached skill level 1 in Ranged Weapons
   930 | D:2      | Reached skill level 1 in Throwing
   930 | D:2      | Reached skill level 1 in Armour
   930 | D:2      | Reached skill level 1 in Stealth
   930 | D:2      | Reached skill level 1 in Shields
   930 | D:2      | Reached skill level 1 in Unarmed Combat
   930 | D:2      | Reached skill level 1 in Spellcasting
   930 | D:2      | Reached skill level 1 in Evocations
   930 | D:2      | Reached XP level 4. HP: 11/41 MP: 5/5
  1185 | D:2      | Noticed Natasha
  1192 | D:2      | Killed Natasha
  1193 | D:2      | Reached skill level 1 in Conjurations
  1193 | D:2      | Reached skill level 1 in Hexes
  1193 | D:2      | Reached skill level 1 in Summonings
  1193 | D:2      | Reached skill level 1 in Necromancy
  1193 | D:2      | Reached skill level 1 in Translocations
  1193 | D:2      | Reached skill level 1 in Transmutations
  1193 | D:2      | Reached skill level 1 in Fire Magic
  1193 | D:2      | Reached skill level 1 in Ice Magic
  1193 | D:2      | Reached skill level 1 in Air Magic
  1193 | D:2      | Reached skill level 1 in Earth Magic
  1193 | D:2      | Reached skill level 1 in Poison Magic
  1215 | D:2      | Noticed a great orb of eyes
  1216 | D:2      | Noticed a shining eye
  1258 | D:2      | Noticed Natasha
  1270 | D:2      | Killed Natasha
  1271 | D:2      | Reached XP level 5. HP: 44/47 MP: 5/7
  1619 | D:2      | Noticed a golden eye
  1625 | D:2      | Prayed at the altar of an unknown god.
  1625 | D:2      | Became a worshipper of Qazlal Stormbringer
  1625 | D:2      | Reached * piety under Qazlal
  1625 | D:2      | Reached ** piety under Qazlal
  2350 | D:3      | Found Urchunke's Assorted Antiques.
  2425 | D:3      | Reached *** piety under Qazlal
  2432 | D:3      | Found Vupuzxor's Assorted Antiques.
  2518 | D:3      | Found Racous's Assorted Antiques.
  2678 | D:3      | Found a runed translucent door.
  2679 | D:3      | Noticed Crazy Yiuf
  3164 | D:4      | Reached XP level 6. HP: 48/53 MP: 8/8
  3605 | D:4      | Found a staircase to the Ecumenical Temple.
  3622 | Temple   | Entered the Ecumenical Temple
  3951 | D:4      | Reached XP level 7. HP: 52/60 MP: 10/10
  4172 | D:5      | Entered Level 5 of the Dungeon
  4699 | D:5      | Found a glowing drain.
  4711 | Sewer    | Entered a sewer
  4741 | Sewer    | Reached **** piety under Qazlal
  5271 | Sewer    | Identified the +5 short sword of Wicked Integrity {venom,
                  | rCorr Str+3 Stlth+}
  5398 | D:5      | Reached XP level 8. HP: 67/67 MP: 12/12
  6054 | D:6      | Noticed a gargoyle
  6103 | D:6      | Noticed Edmund
  6118 | D:5      | Killed Edmund
  6214 | D:6      | Found Xileinoo's Assorted Antiques.
  6550 | D:7      | Noticed Maggie
  6560 | D:7      | Reached XP level 9. HP: 61/73 MP: 13/15
  6567 | D:7      | Killed Maggie
  6677 | D:7      | Noticed Joseph
  7072 | D:7      | Reached skill level 5 in Invocations
  7632 | D:7      | Killed Joseph
  7894 | D:7      | Found a sparkling altar of Nemelex Xobeh.
  7895 | D:7      | Found a glowing golden altar of the Shining One.
  7905 | D:7      | Reached skill level 5 in Short Blades
  7905 | D:7      | Reached skill level 5 in Axes
  7905 | D:7      | Reached skill level 5 in Maces & Flails
  7905 | D:7      | Reached skill level 5 in Polearms
  7905 | D:7      | Reached skill level 5 in Staves
  7905 | D:7      | Reached skill level 5 in Ranged Weapons
  7905 | D:7      | Reached skill level 5 in Throwing
  7905 | D:7      | Reached skill level 5 in Armour
  7905 | D:7      | Reached skill level 5 in Stealth
  7905 | D:7      | Reached skill level 5 in Shields
  7905 | D:7      | Reached skill level 5 in Unarmed Combat
  7905 | D:7      | Reached skill level 5 in Spellcasting
  7905 | D:7      | Reached skill level 5 in Evocations
  7905 | D:7      | Reached XP level 10. HP: 81/81 MP: 17/17
  7918 | D:7      | Found a shadowy altar of Dithmenos.
  7920 | D:7      | Found an opulent altar of Gozag.
  7922 | D:7      | Found a hazy altar of Hepliaklqana.
  7922 | D:7      | Found an ancient bone altar of Kikubaaqudgha.
  7922 | D:7      | Found a basalt altar of Yredelemnul.
  7922 | D:7      | Found a white marble altar of Elyvilon.
  7924 | D:7      | Found a sacrificial altar of Ru.
  7924 | D:7      | Found a glowing silver altar of Zin.
  7925 | D:7      | Found a broken altar of Ashenzari.
  7926 | D:7      | Found a stormy altar of Qazlal.
  7927 | D:7      | Found a blossoming altar of Fedhas.
  7928 | D:7      | Found a shimmering altar of Xom.
  8234 | D:3      | Bought an ancient sling for 143 gold pieces
  8234 | D:3      | Identified the +1 sling of Uvieh {flame, rC+ Int+3} (You
                  | bought it in a shop on level 3 of the Dungeon)
  8361 | D:8      | Found a sand-covered staircase.
  8365 | Ossuary  | Entered an ossuary
  8799 | D:8      | Noticed Psyche
  8822 | D:8      | Killed Psyche
  8936 | D:8      | Reached ***** piety under Qazlal
  9237 | D:7      | Identified 2 scrolls of acquirement
  9237 | D:7      | Acquired 959 gold pieces
  9242 | D:7      | Acquired 1061 gold pieces
  9331 | D:3      | Bought a scroll of acquirement for 1352 gold pieces
  9331 | D:3      | Acquired the +2 kite shield "Sioreh" {Dex+5}
  9410 | D:2      | Learned a level 3 spell: Dazzling Flash
  9580 | D:3      | Killed Crazy Yiuf
  9729 | D:6      | Killed a gargoyle
 10170 | D:8      | You fall into a shaft and drop 1 floor!
 10341 | D:8      | Identified the +2 hand axe of Jiuclout {heavy, rPois rF+
                  | rCorr}
 11163 | D:9      | Reached skill level 5 in Conjurations
 11163 | D:9      | Reached skill level 5 in Hexes
 11163 | D:9      | Reached skill level 5 in Summonings
 11163 | D:9      | Reached skill level 5 in Necromancy
 11163 | D:9      | Reached skill level 5 in Translocations
 11163 | D:9      | Reached skill level 5 in Transmutations
 11163 | D:9      | Reached skill level 5 in Fire Magic
 11163 | D:9      | Reached skill level 5 in Ice Magic
 11163 | D:9      | Reached skill level 5 in Air Magic
 11163 | D:9      | Reached skill level 5 in Earth Magic
 11163 | D:9      | Reached skill level 5 in Poison Magic
 11163 | D:9      | Reached XP level 11. HP: 53/89 MP: 20/20
 11509 | D:9      | Noticed a two-headed ogre
 11517 | D:9      | Noticed a boulder beetle
 11518 | D:9      | Killed a two-headed ogre
 11583 | D:9      | Killed a boulder beetle
 11957 | D:9      | Found a staircase to the Orcish Mines.
 12006 | Orc:1    | Entered Level 1 of the Orcish Mines
 12006 | Orc:1    | Noticed Fannar
 12006 | Orc:1    | Noticed Maurice
 12141 | D:9      | Noticed a two-headed ogre
 12142 | D:9      | Noticed a two-headed ogre
 12315 | D:10     | Entered Level 10 of the Dungeon
 12315 | D:10     | Noticed Grum
 12320 | D:10     | Killed Grum
 12365 | D:10     | Found a flagged portal.
 12370 | Bailey   | Entered a bailey
 12674 | Bailey   | Identified the +4 war axe of True Grit {heavy, *Noise rElec
                  | rPois Str+4}
 12808 | Bailey   | Found a burning altar of Makhleb.
 12956 | D:10     | Noticed a manticore
 12969 | D:10     | Killed a manticore
 13091 | D:3      | Bought runed ice dragon scales for 1638 gold pieces
 13131 | D:3      | Bought a scroll labelled QUIVUIHULU for 22 gold pieces
 13131 | D:3      | Bought a scroll labelled ACERGH GAFI for 22 gold pieces
 13146 | D:3      | Bought 2 scrolls labelled KACWOKECWI for 52 gold pieces
 13146 | D:3      | Bought a scroll labelled WUQOOKETSA for 26 gold pieces
 13174 | D:3      | Bought an embroidered scarf for 216 gold pieces
 13174 | D:3      | Bought a scroll labelled NOMISUOGYV for 27 gold pieces
 13216 | D:3      | Bought a sapphire ring for 110 gold pieces
 13270 | D:6      | Bought a lightning rod (4/4) for 600 gold pieces
 13517 | D:10     | Noticed Josephine
 13648 | D:10     | Noticed a two-headed ogre
 13701 | D:9      | Killed a two-headed ogre
 13762 | D:9      | Killed a two-headed ogre
 13763 | D:9      | Reached XP level 12. HP: 80/97 MP: 22/22
 14176 | D:9      | Noticed a two-headed ogre
 14203 | D:9      | Killed a two-headed ogre
 14310 | D:9      | Noticed a two-headed ogre
 14321 | D:9      | Killed a two-headed ogre
 14322 | D:9      | Reached skill level 10 in Fighting
 14322 | D:9      | Reached skill level 10 in Long Blades
 14322 | D:9      | Reached skill level 10 in Dodging
 14420 | D:9      | Identified the +8 scimitar of the Crafting Gods {heavy,
                  | Will+ Int+2 Dex-3}
 14435 | D:9      | Annihilated by a very large slime creature

Illustrated notes

Levels and vault maps discovered:
D:1:      dpeg_arrival_more_subterranean_lakeside_camping, layout_basic,
          grunt_decor_one_mirror, minmay_misc_feat_nine_boxes
D:2:      layout_loops_ring, hellmonk_ecumenical_altar_watching_god,
          uniq_natasha
D:3:      layout_basic, serial_shops, nicolae_shop_hallway_stairs,
          nicolae_shop_stone, nicolae_shop_hallway_stairs,
          uniq_crazy_yiuf_cottage
D:4:      layout_cave_pools, minmay_temple_entry_butterflies, kennysheep_path_1
D:5:      layout_loops_ring, gup_sewer_entry_pipe,
          hangedman_abyss_or_decor_stagger
D:6:      layout_rooms, serial_demonic, serial_demonic_f, serial_demonic_e,
          serial_demonic_f, serial_demonic_f, serial_shops, shop,
          serial_park_tiny_1, uniq_edmund
D:7:      layout_loops_ring, minitemple, uniq_joseph, uniq_maggie
D:8:      layout_basic, enter_ossuary_5, uniq_psyche
D:9:      minmay_the_grid_4x2 [minmay_the_grid_minigrid_medium,
          minmay_the_grid_odd_star, minmay_the_grid_garden,
          minmay_the_grid_diamond_grid, minmay_the_grid_slots,
          minmay_the_grid_minigrid_small, minmay_the_grid_outer_circle,
          minmay_the_grid_prize_four_corners_diamond_a], layout_basic,
          david_orc_2
D:10:     layout_cave_pools, mainiacjoe_overflow_alcove_2,
          gammafunk_ghost_grave, enter_bailey_3, st_stairs_6,
          minmay_dual_archer_statues, uniq_josephine, uniq_grum
Temple:   hellmonk_temple_beads
Orc:1:    layout_caves, uniq_fannar, uniq_erica, uniq_maurice

Skill      XL: |  1  2  3  4  5  6  7  8  9 10 11 12 |
---------------+-------------------------------------+-----
Invocations    | 1 2 3 4 5 6 7 8 |  8.2
Short Blades   | 1 2 3 4 5 6 7 |  7.4
Axes           | 1 2 3 4 5 6 7 |  7.4
Maces & Flails | 1 2 3 4 5 6 7 |  7.4
Polearms       | 1 2 3 4 5 6 7 |  7.4
Staves         | 1 2 3 4 5 6 7 |  7.4
Ranged Weapons | 1 2 3 4 5 6 7 |  7.4
Throwing       | 1 2 3 4 5 6 7 |  7.4
Armour         | 1 2 3 4 5 6 7 |  7.4
Stealth        | 1 2 3 4 5 6 7 |  7.4
Shields        | 1 2 3 4 5 6 7 |  7.4
Unarmed Combat | 1 2 3 4 5 6 7 |  7.4
Spellcasting   | 1 2 3 4 5 6 7 |  7.4
Evocations     | 1 2 3 4 5 6 7 |  7.4
Conjurations   | 1 2 3 4 5 6 |  6.2
Hexes          | 1 2 3 4 5 6 |  6.2
Summonings     | 1 2 3 4 5 6 |  6.2
Necromancy     | 1 2 3 4 5 6 |  6.2
Translocations | 1 2 3 4 5 6 |  6.2
Transmutations | 1 2 3 4 5 6 |  6.2
Fire Magic     | 1 2 3 4 5 6 |  6.2
Ice Magic      | 1 2 3 4 5 6 |  6.2
Air Magic      | 1 2 3 4 5 6 |  6.2
Earth Magic    | 1 2 3 4 5 6 |  6.2
Poison Magic   | 1 2 3 4 5 6 |  6.2
Fighting       | 7 8 9 10 | 10.0
Long Blades    | 7 8 9 10 | 10.0
Dodging        | 7 8 9 10 | 10.0

Action                     |  1- 3 |  4- 6 |  7- 9 | 10-12 || total
---------------------------+-------+-------+-------+-------++-------
  Melee: Falchion          |    41 |   211 |   185 |       ||   437
         Bite              |     7 |    16 |    58 |    98 ||   179
         Punch             |       |     3 |    12 |       ||    15
         Short sword       |       |       |   140 |       ||   140
         Lance             |       |       |   105 |   656 ||   761
   Fire: Sling             |       |       |       |    46 ||    46
 Invoke: Upheaval          |       |     1 |     3 |     8 ||    12
         Elemental Force   |       |       |     1 |     1 ||     2
  Evoke: Wand              |       |       |     1 |     4 ||     5
    Use: Scroll            |     2 |       |     1 |    11 ||    14
         Potion            |       |     1 |     1 |       ||     2
   Stab: Sleeping          |     1 |       |       |       ||     1
 Armour: Leather armour    |     4 |       |       |       ||     4
         Scale mail        |       |    86 |   109 |   148 ||   343
         Ice dragon scales |       |       |       |    18 ||    18
  Dodge: Dodged            |    19 |   115 |   167 |   229 ||   530
         Repelled          |       |       |     1 |     6 ||     7
  Block: Other             |       |    28 |    67 |       ||    95
         Buckler           |       |       |     6 |   327 ||   333
         Kite shield       |       |       |       |   108 ||   108
